Map: Acid Plant LE

Players

Harstem - Winner!

  • Race: Protoss Protoss
  • Spawn Location: 11:00

Clem

  • Race: Terran Terran
  • Spawn Location: 5:00

Event: WCS Valencia 2018

VOD

Have the link to the VOD?

Description

Time

  • Played on: July 12, 2018, 7:15 a.m.
  • Length: 9:09

All games in this series

Show
View Real Time Build Order
Export as new Build Order

Harstem Protoss - Winner!

Build Orders: 1 Gate Expand, Oracle Opening 

Get SALT Encoding   

  12  0:00  Probe  
  13  0:13  Probe  
  14  0:17  Pylon  
  14  0:24  Probe  
  15  0:32  Probe  
  15  0:37  Gateway  
  15  0:40  Probe  
  16  0:46  Assimilator  
  17  0:51  Probe  
  17  0:54  Assimilator  
  18  1:03  Probe  
  19  1:15  Probe  
  20  1:23  Cybernetics Core  
  20  1:27  Probe  
  21  1:40  Nexus  
  21  1:46  Pylon  
  21  1:49  Probe  
  21  1:52  Warp Gate  
  22  1:55  Adept  
  22  2:01  Probe  
  25  2:13  Probe  
  26  2:18  Stargate  
  26  2:23  Adept  
  26  2:26  Probe  
  29  2:38  Probe  
  30  2:50  Probe  
  31  2:52  Gateway  
  31  2:53  Oracle  
  31  2:54  Gateway, Probe  
  35  3:07  Probe  
  35  3:10  Probe  
  37  3:14  Adept  
  40  3:20  Oracle, Probe  
  40  3:25  Pylon  
  41  3:30  Probe  
  41  3:33  Probe  
  45  3:42  Probe  
  45  3:45  Probe  
  46  3:54  Probe  
  47  3:55  Stalker x2  
  47  3:57  Probe  
  47  3:58  Stalker  
  54  4:09  Pylon  
  54  4:10  Pylon  
  54  4:19  Probe  
  54  4:22  Probe  
  54  4:29  Stalker x3  
  58  4:34  Probe  
  58  4:36  Pylon  
  60  4:44  Nexus  
  55  5:02  Probe  
  55  5:03  Stalker x3, Probe  
  63  5:09  Assimilator  
  63  5:10  Probe  
  63  5:11  Probe  
  63  5:12  Assimilator  
  61  5:20  Probe  
  63  5:27  Forge  
  63  5:30  Stalker x2  
  63  5:31  Twilight Council, Stalker  
  64  5:42  Probe  
  64  5:46  Probe  
  63  5:55  Probe  
  64  5:57  Stalker  
  64  5:58  Stalker x2, Probe  
  71  6:06  Probe  
  71  6:08  Probe  
  71  6:10  Probe  
  73  6:11  Oracle  
  73  6:14  Probe  
  73  6:17  Probe  
  75  6:18  Probe  
  75  6:22  Probe  
  75  6:25  Gateway, Blink, Probe  
  80  6:27  Protoss Ground Weapons Level 1, Probe  
  80  6:28  Gateway x2  
  83  6:33  Probe  
  83  6:37  Probe  
  83  6:39  Probe  
  86  6:45  Probe  
  87  6:47  Pylon  
  87  6:49  Probe  
  87  6:50  Pylon  
  87  6:51  Robotics Facility  
  89  7:01  Probe  
  90  7:04  Gateway, Forge  
  90  7:06  Gateway, Pylon  
  90  7:08  Pylon  
  89  7:21  Stalker x3  
  95  7:23  Probe  
  96  7:36  Stalker x3  
  98  7:39  Warp Prism, Probe  
  98  7:42  Shield Battery  
  96  7:45  Stalker  
  96  7:46  Stalker x2  
  102  7:52  Probe  
  102  7:57  Probe  
  104  8:00  Stalker x2  
  104  8:03  Stalker  
  104  8:04  Stalker  
  109  8:06  Probe  
  109  8:08  Pylon  
  109  8:09  Probe  
  109  8:10  Assimilator  
  111  8:25  Stalker x3  
  115  8:29  Stalker  
  115  8:30  Probe x2  
  115  8:33  Probe  
  118  8:34  Assimilator  
  118  8:41  Stalker x3  
  124  8:42  Probe x2  
  122  8:54  Stalker x4  
Show
View Real Time Build Order
Export as new Build Order

Clem Terran 

Build Orders:  

Get SALT Encoding   

  12  0:00  SCV  
  13  0:12  SCV  
  14  0:17  Supply Depot  
  14  0:24  SCV  
  15  0:31  Refinery  
  15  0:39  SCV  
  16  0:45  Barracks  
  16  0:51  SCV  
  17  1:03  SCV  
  18  1:15  SCV  
  19  1:31  Orbital Command  
  20  1:32  Reaper  
  20  1:46  Command Center  
  20  1:56  Factory  
  20  1:59  SCV  
  21  2:08  Supply Depot  
  21  2:11  Barracks Reactor  
  21  2:13  SCV  
  22  2:21  Refinery  
  22  2:25  SCV  
  22  2:37  SCV  
  23  2:45  Starport  
  23  2:48  Marine x2  
  23  2:49  SCV  
  23  2:50  Widow Mine  
  28  2:59  Orbital Command  
  28  3:01  SCV  
  29  3:06  Marine  
  29  3:08  Marine  
  31  3:13  SCV  
  31  3:17  Cyclone  
  35  3:25  Viking  
  37  3:28  SCV  
  37  3:29  SCV  
  39  3:34  Marine x2  
  39  3:38  Supply Depot  
  39  3:40  SCV  
  42  3:42  SCV  
  43  3:50  Cyclone  
  46  3:58  Supply Depot  
  46  4:00  SCV  
  46  4:02  Medivac  
  49  4:03  Marine x2  
  49  4:09  Supply Depot  
  50  4:10  SCV  
  50  4:12  SCV  
  51  4:21  Marine x2  
  51  4:22  SCV  
  50  4:24  SCV  
  50  4:34  SCV, Factory Tech Lab  
  50  4:36  SCV  
  50  4:38  Marine, Engineering Bay  
  52  4:39  Marine  
  54  4:46  SCV  
  54  4:48  SCV  
  56  4:56  Marine  
  56  4:57  Marine  
  56  4:58  SCV  
  57  5:00  SCV  
  57  5:02  Siege Tank  
  57  5:03  Viking  
  59  5:10  SCV  
  59  5:13  SCV  
  59  5:14  Marine  
  59  5:20  Marine  
  60  5:22  SCV  
  60  5:25  SCV  
  60  5:32  Supply Depot, Marine  
  60  5:34  SCV, Siege Tank  
  59  5:37  SCV  
  59  5:38  Marine  
  57  5:46  SCV  
  57  5:49  SCV  
  56  5:50  Marine  
  56  5:55  Marine  
  57  6:00  Barracks  
  57  6:01  Barracks  
  57  6:05  SCV  
  57  6:06  Cyclone  
  57  6:07  Marine  
  58  6:11  SCV  
  58  6:13  Marine  
  58  6:17  Starport Tech Lab  
  60  6:23  Terran Infantry Weapons Level 1  
  60  6:25  Marine  
  60  6:27  Engineering Bay  
  60  6:31  Refinery  
  60  6:32  SCV, Refinery  
  61  6:36  SCV  
  61  6:43  Marine x2  
  61  6:44  SCV  
  64  6:48  SCV  
  64  6:49  Missile Turret  
  64  6:51  Missile Turret  
  65  6:56  SCV  
  65  7:00  Factory Reactor, Starport Reactor  
  65  7:01  SCV, Marine x2  
  67  7:04  Terran Infantry Armor Level 1  
  69  7:11  Command Center  
  69  7:15  Supply Depot, Marine  
  69  7:17  SCV  
  69  7:19  Marine  
  69  7:20  SCV  
  69  7:21  Marine  
  70  7:30  SCV  
  70  7:33  Marine  
  68  7:37  Marine  
  68  7:39  Marine, Marauder  
  68  7:41  Widow Mine x2  
  72  7:45  Supply Depot  
  72  7:50  Medivac  
  74  7:52  Marauder  
  74  7:55  Marine  
  74  7:56  Marine  
  78  7:59  Supply Depot  
  78  8:00  Marauder  
  78  8:04  SCV  
  81  8:08  Widow Mine x2  
  81  8:10  Medivac  
  81  8:12  Marine  
  85  8:13  Marauder  
  85  8:14  Marine  
  86  8:22  Marauder  
  86  8:26  Orbital Command  
  86  8:30  Marine  
  86  8:32  SCV, Marine  
  90  8:34  Marauder  
  90  8:41  Widow Mine x2  
  90  8:43  Marauder  
  90  8:45  SCV  
  87  8:50  Barracks  
  87  8:52  Barracks  
  87  8:53  SCV  
  86  8:56  SCV  
Tags
 
Add a new tag
Caveats
  • Supply blocks, unpowered buildings, or Contaminate may cause inaccurate times.
  • Supply counts are checked every 10 seconds.